 Dungeon Crawl Stone Soup version 0.20.1-1-g8b1a95d (webtiles) character file.

70 bosm the Bolt Thrower (level 4, -1/27 HPs)
             Began as a Kobold Hunter on Aug 11, 2017.
             Was a Follower of Nemelex Xobeh.
             Slain by an orc
             ... wielding a +0 short sword
              (2 damage)
             ... on level 2 of the Dungeon.
             The game lasted 00:05:25 (1947 turns).

bosm the Bolt Thrower (Kobold Hunter)               Turns: 1947, Time: 00:05:26

Health: -1/27      AC:  6    Str:  9    XL:     4   Next: 44%
Magic:  4/4        EV: 13    Int: 12    God:    Nemelex Xobeh [*.....]
Gold:   155        SH:  0    Dex: 16    Spells: 3/3 levels left

rFire    . . .     SeeInvis .   w - +1 hand crossbow
rCold    . . .     Gourm    .   (shield restricted)
rNeg     . . .     Faith    .   k - +0 ring mail
rPois    .         Spirit   .   (no helmet)
rElec    .         Reflect  .   (no cloak)
rCorr    .         Harm     .   e - +0 pair of gloves
MR       .....                  (no boots)
Stlth    +.........             (no amulet)
Regen    0.1/turn               (no ring)
MPRegen  0.1/turn               (no ring)

@: no status effects
A: carnivore 3
a: Renounce Religion


You were on level 2 of the Dungeon.
You worshipped Nemelex Xobeh.
Nemelex Xobeh was aware of your devotion.
You were full.

You visited 1 branch of the dungeon, and saw 2 of its levels.

You collected 155 gold pieces.

Inventory:

Hand Weapons
 a - a +0 short sword
 w - a +1 hand crossbow (weapon)
Missiles
 d - 60 bolts (quivered)
Armour
 e - a +0 pair of gloves (worn)
 k - a +0 ring mail (worn)
Scrolls
 b - 2 scrolls of identify {unknown}
 g - a scroll of noise {unknown}
 h - a scroll of teleportation {unknown}
 i - a scroll of random uselessness {unknown}
 j - a scroll of remove curse {unknown}
Potions
 l - a potion of curing {unknown}
 m - a potion of agility {unknown}
Books
 n - a book of Misfortune

   Spells                             Type                      Level
   a - Confusing Touch                Hexes                        1
   b - Confuse                        Hexes                        3
   c - Gell's Gravitas                Translocation                3
   d - Petrify                        Transmutation/Earth          4
   e - Metabolic Englaciation         Hexes/Ice                    5
   f - Yara's Violent Unravelling     Hexes/Transmutation          5
Miscellaneous
 c - a plain deck of destruction {drawn: 1}
 o - a plain deck of destruction
Comestibles
 f - a meat ration


   Skills:
 + Level 2.9 Fighting
 * Level 6.0 Crossbows
 + Level 2.9 Dodging
 - Level 1.3 Stealth
 + Level 0.9 Invocations


You had 3 spell levels left.
You didn't know any spells.

Dungeon Overview and Level Annotations

Branches:
Dungeon (2/15)

Altars:
Nemelex Xobeh


Innate Abilities, Weirdness & Mutations

You are small and have problems with some larger weapons.
You are carnivorous and can eat meat at any time.


Message History

The orc wizard barely misses you. The orc wizard hits you with a dagger.
Firing (i - inventory):
d - 62 bolts (quivered)
Press: ? - help, Shift-Dir - straight line, f/p - orc wizard
Aim: an orc wizard, wielding a dagger and wearing a robe (moderately wounded, fast)
You shoot a bolt. The bolt hits the orc wizard.
The orc wizard is heavily wounded.
The orc priest looks satisfied for a moment.
Firing (i - inventory):
d - 61 bolts (quivered)
Press: ? - help, Shift-Dir - straight line, f/p - orc wizard
Aim: an orc wizard, wielding a dagger and wearing a robe (heavily wounded, fast)
You shoot a bolt. The bolt misses the orc wizard.
The orc wizard casts a spell at you. The puff of flame hits you!
* * * LOW HITPOINT WARNING * * *
The orc wizard gestures at you while chanting.
The puff of frost hits you!
* * * LOW HITPOINT WARNING * * *
The orc hits you with a short sword.
You die...
Your body disappears without a glow.

†...#.###.####...o....##.........
....#.............(....'...>.....
#.###.###.####.##...#.##.........
..........# #.##((##.###.......#
###...##### #.##)###.# ##.....##
###.# #.##(###.# ##...## #.#
#....(...# ##+## # #.# ####o#####
#.# ## #.# #.@o# #.# .# #.#
#####.#.### ##.## #####.#
##.........## ####...### ......#
#..#######..# #......... #######
#.###.⌠.###.# #.##...##.
#.##.....##.###.###.##
#.#.......#...[.# #.#
#.#.≈...≈.#.##### #.#
#.#.......#.# #†#


You could see an orc wizard and an orc.

Vanquished Creatures
  2 oozes (D:2)
  A worm (D:2)
  A dart slug (D:2)
  3 leopard geckos
  4 orcs (D:2)
  2 ball pythons (D:2)
  3 giant cockroaches
  4 goblins
  2 hobgoblins
  3 jackals
  3 kobolds
  2 quokkas (D:2)
  6 bats
  7 frilled lizards
  2 rats
45 creatures vanquished.

Notes
Turn   | Place    | Note
-------+----------+-------------------------------------------
     0 | D:1      | bosm the Kobold Hunter began the quest for the Orb.
     0 | D:1      | Reached XP level 1. HP: 12/12 MP: 1/1
   335 | D:1      | Reached skill level 5 in Crossbows
   451 | D:1      | Reached XP level 2. HP: 18/18 MP: 2/2
   887 | D:1      | Reached XP level 3. HP: 22/22 MP: 3/3
  1061 | D:2      | Found a sparkling altar of Nemelex Xobeh.
  1070 | D:2      | Became a worshipper of Nemelex Xobeh the Trickster
  1082 | D:2      | Received a gift from Nemelex Xobeh
  1581 | D:2      | Reached XP level 4. HP: 27/27 MP: 4/4
  1639 | D:2      | Received a gift from Nemelex Xobeh
  1647 | D:2      | Reached * piety under Nemelex Xobeh
  1773 | D:2      | Reached skill level 6 in Crossbows
  1947 | D:2      | HP: 1/27 [orc wizard/puff of frost (6)]
  1947 | D:2      | Slain by an orc

Skill      XL: |  1  2  3  4 |
---------------+-------------+-----
Crossbows      | 5 6 |  6.0
Fighting       | |  2.9
Dodging        | |  2.9
Stealth        | |  1.3
Invocations    | |  0.9

Action                   |  1- 3 |  4- 6 || total
-------------------------+-------+-------++-------
Melee: Short sword       |    19 |    28 ||    47
 Fire: Hand crossbow     |    56 |    24 ||    80
Evoke: Deck              |     1 |       ||     1
  Eat: Chunk             |     8 |       ||     8
Armor: Leather armour    |     8 |       ||     8
       Ring mail         |     7 |    10 ||    17
Dodge: Dodged            |    24 |    31 ||    55
